 Dungeon Crawl Stone Soup version 0.22.1-1-ga44c0e5 (webtiles) character file.

68 brandon the Skirmisher (level 4, -3/33 HPs)
             Began as a Minotaur Berserker on Oct 1, 2018.
             Was a Believer of Trog.
             Slain by a chaos spawn (8 damage)
             ... on level 1 of the Abyss.
             The game lasted 00:03:47 (2348 turns).

brandon the Skirmisher (Minotaur Berserker)         Turns: 2348, Time: 00:03:47

Health: -3/33      AC:  6    Str: 18    XL:     4   Next: 1%
Magic:  3/3        EV: 11    Int:  4    God:    Trog [**....]
Gold:   116        SH:  0    Dex:  6    Spells: 3/3 levels left

rFire    . . .     SeeInvis .   i - +1 mace (crush)
rCold    + . .     Gourm    .   (no shield)
rNeg     . . .     Faith    .   t - +3 leather armour {rC+}
rPois    .         Spirit   .   (helmet restricted)
rElec    .         Reflect  .   (no cloak)
rCorr    .         Harm     .   (no gloves)
MR       .....     Rnd*Tele +   (no boots)
Stlth    +.........             (no amulet)
HPRegen  0.11/turn              (no ring)
MPRegen  0.08/turn              (no ring)

@: no status effects
A: retaliatory headbutt, horns 2, [clumsy 2], [frail 2], [screaming 2],
[teleportitis 2], [weak 2], [subdued magic 2]
a: Berserk, Trog's Hand, Renounce Religion


You were on level 1 of the Abyss.
You worshipped Trog.
Trog was pleased with you.
You were not hungry.

You visited 1 branch of the dungeon, and saw 3 of its levels.
You visited the Abyss 1 time.

You collected 116 gold pieces.

Inventory:

Hand Weapons
 a - a +0 hand axe
 i - a +1 mace of crushing (weapon)
Missiles
 l - 4 tomahawks (quivered)
Armour
 b - a +0 animal skin
 t - a +3 leather armour of cold resistance (worn)
Wands
 q - a wand of paralysis (13)
Scrolls
 f - 3 scrolls of enchant armour {unknown}
 h - 8 scrolls of identify {unknown}
 j - 3 scrolls of teleportation {unknown}
 m - a scroll of fog {unknown}
 n - a scroll of blinking {unknown}
 o - 2 scrolls of remove curse {unknown}
Potions
 d - a potion of degeneration {unknown}
 e - a potion of heal wounds {unknown}
 g - a potion of mutation {unknown}
 k - 3 potions of resistance {unknown}
 p - a potion of might {unknown}
 r - a potion of brilliance {unknown}
 s - a potion of invisibility {unknown}
Comestibles
 c - 3 rations


   Skills:
 * Level 5.2 Fighting
 - Level 4.0 Axes
 + Level 0.8(2.6) Maces & Flails
 + Level 2.7 Armour
 + Level 2.5 Dodging


You had 3 spell levels left.
You didn't know any spells.
Your spell library was empty.

Dungeon Overview and Level Annotations

Branches:
Dungeon (3/15)

Altars:
Ashenzari
Gozag
Wu Jian
The Shining One


Innate Abilities, Weirdness & Mutations

You reflexively headbutt those who attack you in melee.
You have a pair of horns on your head.
[You are very clumsy. (Dex -4)]
[You are very frail. (-20% HP)]
[You sometimes yell uncontrollably at your foes.]
[You are sometimes teleported next to monsters.]
[You are very weak. (Str -4)]
[Your spells are easier to cast, but less powerful.]


Message History

You closely miss the chaos spawn. Your headbutt misses the chaos spawn.
The chaos spawn barely misses you.
The wretched star pulses with an eldritch light!
You feel frail. x2
Unknown command.
You hit the chaos spawn but do no damage.
The chaos spawn hits you!
The iron imp hits you but does no damage.
The chaos spawn hits you.
You hit the chaos spawn.
The chaos spawn is moderately wounded.
The wretched star pulses with an eldritch light!
Your connection to magic feels subdued.
Your connection to magic feels more subdued.
You feel the urge to shout.
You feel a strong urge to yell. The iron imp barely misses you.
You furiously retaliate!
You headbutt the iron imp. The chaos spawn gores you!
* * * LOW HITPOINT WARNING * * *
The chaos spawn shocks you!
You die...

##### ...
#... . .
#.## ##..
##.#####...
#........#
#...∩. .##
#.*.....#
#.5##.#.#
#.@...###
##4.##..#
#.......##
..###......
.#. ....#.
###. .#..
.. #..# ..
..


You could see a wretched star, a chaos spawn and an iron imp.

Vanquished Creatures
  2 adders (D:2)
  3 worms
  2 orcs (D:3)
  3 bats
  2 giant cockroaches
  3 goblins
  5 hobgoblins
  2 jackals (D:1)
  A quokka (D:3)
  A ball python (D:3)
  2 frilled lizards (D:2)
  5 kobolds
  10 rats
41 creatures vanquished.

Notes
Turn   | Place    | Note
-------+----------+-------------------------------------------
     0 | D:1      | brandon the Minotaur Berserker began the quest for the Orb.
     0 | D:1      | Reached XP level 1. HP: 19/19 MP: 0/0
   361 | D:1      | Found a shattered altar of Ashenzari.
   453 | D:1      | Reached XP level 2. HP: 27/27 MP: 1/1
   529 | D:1      | Reached skill level 4 in Fighting
  1171 | D:2      | Reached XP level 3. HP: 24/34 MP: 2/2
  1286 | D:2      | Found an ornate altar of the Wu Jian Council.
  1601 | D:2      | Found a glowing golden altar of the Shining One.
  1986 | D:3      | Reached skill level 5 in Fighting
  2069 | D:3      | Found an opulent altar of Gozag.
  2229 | D:3      | Reached ** piety under Trog
  2293 | D:3      | Reached XP level 4. HP: 37/42 MP: 3/3
  2295 | D:3      | Cast into level 1 of the Abyss (orc wizard)
  2341 | Abyss:1  | Noticed a wretched star
  2342 | Abyss:1  | Noticed a chaos spawn
  2348 | Abyss:1  | Slain by a chaos spawn

Skill      XL: |  1  2  3 |
---------------+----------+-----
Axes           | 4 |  4.0
Fighting       | 4 5 |  5.2
Maces & Flails | |  0.8
Armour         | |  2.7
Dodging        | |  2.5

Action                   |  1- 3 |  4- 6 || total
-------------------------+-------+-------++-------
Melee: Mace              |    54 |     6 ||    60
       Hand axe          |     3 |       ||     3
       Headbutt          |     9 |       ||     9
  Eat: Ration            |     1 |       ||     1
       Chunk             |     1 |       ||     1
Armor: Animal skin       |     5 |       ||     5
       Leather armour    |       |     2 ||     2
Dodge: Dodged            |    38 |     3 ||    41
